 Dungeon Crawl Stone Soup version 0.23-a0-404-g0063841 (webtiles) character file.

57 MisterFreud the Sneak (level 4, -4/36 HPs)
             Began as a Naga Fire Elementalist on Nov 5, 2018.
             Slain by a gnoll
             ... wielding a +0 halberd
              (8 damage)
             ... on level 3 of the Dungeon.
             The game lasted 00:03:56 (1491 turns).

MisterFreud the Sneak (Naga Fire Elementalist)      Turns: 1491, Time: 00:03:57

Health: -4/36      AC:  5    Str: 10    XL:     4   Next: 0%
Magic:  7/7        EV: 10    Int: 17    God:
Gold:   123        SH:  0    Dex: 11    Spells: 6/7 levels left

rFire    . . .     SeeInvis +   b - +0 short sword
rCold    . . .     Gourm    .   (no shield)
rNeg     . . .     Faith    .   a - +0 robe
rPois    +         Spirit   .   (no helmet)
rElec    .         Reflect  .   (no cloak)
rCorr    .         Harm     .   j - +2 pair of gloves
MR       .....                  (no barding)
Stlth    +++.......             n - amulet of magic regeneration
HPRegen  0.12/turn              (no ring)
MPRegen  0.35/turn              (no ring)

@: very slow
A: large, see invisible, deformed body, poison resistance, slowness 2, slow
metabolism 1, spit poison 1, AC +1
a: Spit Poison


You were on level 3 of the Dungeon.
You were not hungry.

You visited 1 branch of the dungeon, and saw 3 of its levels.

You collected 123 gold pieces.

Inventory:

Hand Weapons
 b - a +0 short sword (weapon)
 t - a +2 whip of holy wrath
Missiles
 l - 29 arrows
 m - 48 stones (quivered)
 s - 26 bolts
 u - 18 poisoned needles
Armour
 a - a +0 robe (worn)
 j - a +2 pair of gloves (worn)
Jewellery
 n - an amulet of magic regeneration (around neck)
Scrolls
 d - a scroll of amnesia {unknown}
 f - 4 scrolls of identify {unknown}
 g - 3 scrolls of blinking {unknown}
 o - a scroll of random uselessness {unknown}
 q - 2 scrolls of teleportation {unknown}
 v - a scroll of immolation {unknown}
Potions
 e - a potion of heal wounds {unknown}
 h - a potion of haste {unknown}
 i - a potion of agility {unknown}
 k - 3 potions of might {unknown}
 p - 2 potions of lignification {unknown}
 r - a potion of magic {unknown}
Comestibles
 c - 4 rations


   Skills:
 - Level 1.5 Dodging
 - Level 5.0 Stealth
 - Level 2.0 Spellcasting
 + Level 2.6 Conjurations
 - Level 3.0 Fire Magic


You had 6 spell levels left.
You knew the following spells:

 Your Spells              Type           Power        Failure   Level  Hunger
a - Flame Tongue          Conj/Fire      ##...        6%          1    #......

Your spell library contained the following spells:

 Spells                   Type           Power        Failure   Level  Hunger
 Throw Flame              Conj/Fire      ##....       9%          2    ###....
 Conjure Flame            Conj/Fire      ##......     19%         3    ###....
 Inner Flame              Hex/Fire       #.......     30%         3    ###....
 Sticky Flame             Conj/Fire      ##......     52%         4    #####..
 Fireball                 Conj/Fire      ##........   86%         5    ######.


Dungeon Overview and Level Annotations

Branches:
Dungeon (3/15)

Altars:
Wu Jian


Innate Abilities, Weirdness & Mutations

You cannot wear boots.
Your serpentine skin is tough. (AC +1)
You have supernaturally acute eyesight. (SInv)
Armour fits poorly on your strangely shaped body.
Your system is resistant to poisons. (rPois)
You cover ground very slowly.
You have a slow metabolism.
You can spit poison.


Message History

The splash of poison misses the hound.
The splash of poison hits the gnoll.
The gnoll appears unharmed.
You feel slightly more hungry.
The hound barks!
The gnoll completely misses you. The hound bites you.
The hound bites the bush but does no damage.
The hound bites you but does no damage. The hound barely misses you.
You have got your breath back.
The hound bites you but does no damage. The hound barely misses you.
The hound misses you. The hound bites you but does no damage.
The gnoll hits you from afar with a +0 halberd!
The hound bites you. The hound bites you.
* * * LOW HITPOINT WARNING * * *
The hound barely misses you. The hound bites you.
* * * LOW HITPOINT WARNING * * *
The hound bites you.
* * * LOW HITPOINT WARNING * * *
The gnoll hits you from afar with a +0 halberd!
You die...

#######'####
......P.P..#
####.......#
##...####
#..##
#h##########.#
#g# #........#
#h###.########
#@....#
#####)# #.#
#.# ### #.#
..# #.# #.#
#.# #.#
###.###### #.#
#..........


You could see 2 hounds and a gnoll.

Vanquished Creatures
  2 adders (D:2)
  A dart slug (D:2)
  3 leopard geckos
  A ball python (D:2)
  A giant cockroach (D:1)
  5 goblins
  3 hobgoblins
  5 kobolds
  4 bats
  A frilled lizard (D:2)
  8 rats
34 creatures vanquished.

Notes
Turn   | Place    | Note
-------+----------+-------------------------------------------
     0 | D:1      | MisterFreud the Naga Fire Elementalist began the quest for
                  | the Orb.
     0 | D:1      | Reached XP level 1. HP: 15/15 MP: 3/3
   390 | D:1      | Reached skill level 4 in Stealth
   390 | D:1      | Reached XP level 2. HP: 18/22 MP: 5/5
   842 | D:2      | Reached skill level 5 in Stealth
   909 | D:2      | Reached XP level 3. HP: 28/28 MP: 6/6
  1404 | D:2      | Found an ornate altar of the Wu Jian Council.
  1465 | D:3      | Reached XP level 4. HP: 36/36 MP: 7/7
  1491 | D:3      | Slain by a gnoll

Vault maps used:
D:1:      dpeg_arrival_erosion, due_unseen_surprise
D:2:      marbit_many_paths
D:3:      nicolae_ru_sacrificial_ziggurat,
          nicolae_gozag_cash_rules_everything_around_me, serial_glass,
          glass_columns_c, glass_columns_a, glass_columns_c, glass_columns_b,
          glass_columns_c, glass_columns_b, minmay_misc_feat_plants,
          cheibrodos_gnoll_hut

Skill      XL: |  1  2  3 |
---------------+----------+-----
Stealth        | 4 5 |  5.0
Conjurations   | 2 |  2.6
Dodging        | |  1.5
Spellcasting   | |  2.0
Fire Magic     | |  3.0

Action                   |  1- 3 |  4- 6 || total
-------------------------+-------+-------++-------
Melee: Short sword       |    32 |     1 ||    33
 Cast: Flame Tongue      |    11 |       ||    11
 Abil: Spit Poison       |    17 |     1 ||    18
 Stab: Sleeping          |    11 |       ||    11
  Eat: Chunk             |     2 |       ||     2
Armor: Robe              |    15 |     3 ||    18
Dodge: Dodged            |    24 |     6 ||    30

Table legend:
 A = Non-vault XP
 B = Vault XP
 C = Vault XP percentage of total XP
 D = Non-vault monster count
 E = Vault monster count
 F = Vault count percentage of total count
                 A         B        C        D         E       F
            +---------+---------+-------+---------+---------+-------
      Total |      80 |       2 |   2.4 |      33 |       1 |   2.9
            +---------+---------+-------+---------+---------+-------
        D:1 |      22 |       0 |   0.0 |      13 |       0 |   0.0
        D:2 |      56 |       2 |   3.4 |      19 |       1 |   5.0
        D:3 |       2 |       0 |   0.0 |       1 |       0 |   0.0
            +---------+---------+-------+---------+---------+-------
